 Dungeon Crawl Stone Soup version 0.28.0-49-g6dfe1f597d (webtiles) character file.

Game seed: 12221991294767394235

3873 pkoi the Frost Mage (level 9, -5/72 HPs)
             Began as a Demigod Ice Elementalist on May 18, 2022.
             Slain by a gnoll sergeant
             ... wielding a +0 glaive
              (20 damage)
             ... in a bailey.
             The game lasted 00:15:41 (10312 turns).

pkoi the Frost Mage (Demigod Ice Elementalist)     Turns: 10312, Time: 00:15:42

Health: -5/72      AC:  5    Str:  9    XL:     9   Next: 67%
Magic:  4/19       EV: 12    Int: 29    God:
Gold:   347        SH:  0    Dex: 20    Spells: 7/17 levels left

rFire   . . .      SeeInvis .   b - +2 quarterstaff (spect)
rCold   + . .      Faith    .   (shield currently unavailable)
rNeg    . . .      Spirit   .   a - +0 robe
rPois   .          Reflect  .   t - +1 hat
rElec   .          Harm     .   r - +0 cloak
rCorr   .          Rampage  .   g - +0 pair of gloves
Will    .....                   (no boots)
Stlth   ++........              (no amulet)
HPRegen 0.22/turn               x - +6 ring of dexterity
MPRegen 0.16/turn               (no ring)

@: no status effects
A: high MP 1, forlorn, divine attributes, cold resistance 1, subdued magic 1,
MP-powered wands
a: no special abilities


You were in a bailey.
You visited 1 branch of the dungeon, and saw 8 of its levels.
You also visited: Bailey.

You collected 347 gold pieces.

Inventory:

Hand Weapons
 b - a +2 spectral quarterstaff (weapon)
 q - a +1 mace of holy wrath
Missiles
 d - 6 throwing nets
Armour
 a - a +0 robe (worn)
 g - a +0 pair of gloves (worn)
 k - an orb of light
 r - a +0 cloak (worn)
 t - a +1 hat (worn)
Magical Staves
 h - a staff of death
Jewellery
 w - a ring of ice
 x - a +6 ring of dexterity (left hand)
Wands
 s - a wand of acid (9)
 u - a wand of digging (4)
Scrolls
 c - 4 scrolls of teleportation
 e - a scroll of magic mapping
 j - 2 scrolls of fear {unknown}
 l - 2 scrolls of immolation {unknown}
 m - a scroll of holy word {unknown}
 n - a scroll of fog {unknown}
 p - 4 scrolls of identify {unknown}
 v - a scroll of vulnerability {unknown}
Potions
 f - a potion of flight
 o - 3 potions of curing
 z - a potion of degeneration {unknown}
 A - a potion of magic {unknown}


   Skills:
 + Level 4.6 Fighting
 * Level 7.4 Staves
 - Level 1.7 Dodging
 - Level 1.7 Stealth
 + Level 4.6 Spellcasting
 + Level 3.2 Conjurations
 + Level 8.5 Ice Magic


You had 7 spell levels left.
You knew the following spells:

 Your Spells              Type           Power      Damage    Failure   Level
b - Frozen Ramparts       Ice            86%        1d10      1%          3
c - Ozocubu's Armour      Ice            43%        N/A       1%          3
d - Hailstorm             Conj/Ice       31%        3d8       4%          4

Your spell library contained the following spells:

 Spells                   Type           Power      Damage    Failure   Level
 Freeze                   Ice            100%       1d11      1%          1
 Static Discharge         Conj/Air       12%        N/A       3%          2
 Sublimation of Blood     Necr           5%         N/A       8%          2
 Mephitic Cloud           Conj/Pois/Air  10%        N/A       10%         3
 Call Canine Familiar     Summ           5%         N/A       17%         3
 Ignite Poison            Fire/Tmut/Pois 5%         N/A       17%         3
 Portal Projectile        Hex/Tloc       10%        N/A       17%         3
 Tukima's Dance           Hex            5%         N/A       17%         3
 Sticky Flame             Conj/Fire      12%        2d4       28%         4
 Freezing Cloud           Conj/Ice/Air   11%        6-21      30%         5
 Dispel Undead            Necr           5%         3d7       50%         4
 Leda's Liquefaction      Hex/Erth       2%         N/A       50%         4
 Passage of Golubria      Tloc           5%         N/A       50%         4
 Petrify                  Tmut/Erth      5%         N/A       50%         4
 Summon Lightning Spire   Summ/Air       5%         N/A       50%         4
 Irradiate                Conj/Tmut      6%         3d15      63%         5
 Lightning Bolt           Conj/Air       6%         1d18      63%         5
 Yara's Violent Unravell  Hex/Tmut       2%         3d3       86%         5
 Storm Form               Tmut/Air       2%         N/A       100%        7
 Maxwell's Capacitive Co  Air            2%         ∞         100%        8


Dungeon Overview and Level Annotations

Branches:
Dungeon (8/15)             Temple (0/1) D:5          Bailey (1/1)
   Lair: D:8-11

Shops:
D:4 (   D:6 :


Innate Abilities, Weirdness & Mutations

You have an increased reservoir of magic. (+10% MP)
You shall have no god before yourself.
Your divine heritage dramatically boosts your attributes as you level up.
Your flesh is cold resistant. (rC+)
Your spells are a little easier to cast, but a little less powerful.
You expend magic power (3 MP) to strengthen your wands.


Message History

The gnoll sergeant hits your +2 spectral quarterstaff with a +0 halberd!
Your spectral weapon shares its damage with you!
* * * LOW HITPOINT WARNING * * *
The wolf bites your +2 spectral quarterstaff.
Your spectral weapon shares its damage with you!
Your +2 spectral quarterstaff fades away.
* * * LOW HITPOINT WARNING * * *
Unknown command.
You thump the gnoll sergeant!
The gnoll sergeant is almost dead.
Your +2 spectral quarterstaff hits the gnoll sergeant but does no damage.
The wolf closely misses your +2 spectral quarterstaff.
The gnoll sergeant hits you from afar with a +0 glaive!
* * * LOW HITPOINT WARNING * * *
The gnoll sergeant misses your +2 spectral quarterstaff.
Unknown command.
You catch the helpless gnoll sergeant completely off-guard!
You hit the gnoll sergeant but do no damage.
The gnoll sergeant is almost dead.
Your +2 spectral quarterstaff hits the gnoll sergeant!
You kill the gnoll sergeant!
The wolf misses your +2 spectral quarterstaff.
The gnoll sergeant hits you from afar with a +0 glaive!
* * * LOW HITPOINT WARNING * * *
The wolf barely misses your +2 spectral quarterstaff.
Unknown command.
The wolf stops to sniff the ground.
The wolf barely misses you.
There is an open door here.
The wolf bites you but does no damage.
You hit the wolf but do no damage.
Your +2 spectral quarterstaff hits the wolf!
The wolf bites you.
* * * LOW HITPOINT WARNING * * *
You hit the wolf.
The wolf is moderately wounded.
Your +2 spectral quarterstaff hits the wolf!
The wolf closely misses you.
The gnoll sergeant hits you from afar with a +0 glaive!!
You die...

♣≈#####+#...#
##≈♣
♣≈#.....#...# ≈♣
♣≈#8....##'## ≈♣
♣≈#....##)))## ≈♣
♣≈#.))##.....##
≈♣ #.))#.......#
..# ###'#...8...#
..#
#.÷.#.......#...#
#...##..@..##...#
#....##(h.##....#
#8....##g##.g..8#
#....)#)).#§....#
##...)'...')§..#
##...#...#...##
#####...#####
.......
...........


You could see a gnoll sergeant, a wolf and a friendly +2 spectral quarterstaff
(summoned).

Vanquished Creatures
  2 kobold demonologists (D:7)
  Grinder (D:3)
  A wyvern (D:7)
  Eustachio (D:4)
  2 water moccasins
  An orc warrior (D:8)
  A black bear (D:5)
  4 wolves (Bailey)
  2 necrophages
  A centaur (D:7)
  A kobold brigand (D:8)
  A bullfrog (D:6)
  7 gnoll sergeants (Bailey)
  A water moccasin skeleton (D:5)
  A centaur zombie (D:7)
  6 hounds
  2 orc priests (D:6)
  Crazy Yiuf (D:6)
  5 gnoll shamans (Bailey)
  2 jellies
  5 centaur skeletons
  A bullfrog skeleton (D:5)
  An iguana (D:5)
  6 orc wizards
  2 scorpion zombies (D:5)
  A hound zombie (D:5)
  13 gnolls
  12 adders
  2 white imps (D:6)
  An adder skeleton (D:4)
  3 dart slugs
  20 orcs
  6 bats
  7 endoplasms
  3 giant cockroaches
  14 goblins
  12 hobgoblins
  2 jackals (D:1)
  25 kobolds
  A quokka (D:4)
  3 ball pythons (D:1)
  4 frilled lizards
  3 rats
190 creatures vanquished.

Notes
Turn   | Place    | Note
-------+----------+-------------------------------------------
     0 | D:1      | pkoi the Demigod Ice Elementalist began the quest for the
                  | Orb.
     0 | D:1      | Reached XP level 1. HP: 14/14 MP: 5/5
   311 | D:1      | Reached skill level 4 in Ice Magic
   311 | D:1      | Reached XP level 2. HP: 18/20 MP: 7/7
   583 | D:1      | Reached skill level 1 in Staves
   990 | D:1      | Reached XP level 3. HP: 26/26 MP: 8/8
  1241 | D:2      | Learned a level 3 spell: Frozen Ramparts
  2145 | D:3      | Noticed Grinder
  2148 | D:3      | Reached XP level 4. HP: 27/33 MP: 9/9
  2154 | D:3      | Killed Grinder
  2155 | D:3      | Reached skill level 5 in Ice Magic
  2155 | D:3      | Reached XP level 5. HP: 10/38 MP: 6/10
  2571 | D:3      | Reached skill level 6 in Ice Magic
  2801 | D:3      | Learned a level 3 spell: Ozocubu's Armour
  2933 | D:3      | Reached XP level 6. HP: 41/45 MP: 11/11
  3361 | D:4      | Found Uvitag's Antique Weapon Shop.
  3811 | D:4      | Noticed Eustachio
  4086 | D:4      | Killed Eustachio
  4087 | D:4      | Reached skill level 1 in Fighting
  4538 | D:4      | Reached XP level 7. HP: 51/52 MP: 6/13
  4912 | D:5      | Entered Level 5 of the Dungeon
  5315 | D:5      | Reached skill level 7 in Ice Magic
  5712 | D:5      | Found a staircase to the Ecumenical Temple.
  5918 | D:5      | Reached XP level 8. HP: 9/62 MP: 8/15
  5919 | D:5      | Gained mutation: Your flesh is cold resistant. (rC+)
                  | [potion of mutation]
  5919 | D:5      | Gained mutation: You expend magic power (3 MP) to
                  | strengthen your wands. [potion of mutation]
  5919 | D:5      | Gained mutation: Your spells are a little easier to cast,
                  | but a little less powerful. [potion of mutation]
  6506 | D:6      | Reached skill level 5 in Staves
  6758 | D:6      | Found a runed translucent door.
  6759 | D:6      | Noticed Crazy Yiuf
  6768 | D:6      | Killed Crazy Yiuf
  6910 | D:6      | Found Empaoqea's Book Boutique.
  7062 | D:6      | Learned a level 4 spell: Hailstorm
  7400 | D:6      | Reached skill level 1 in Conjurations
  8363 | D:7      | Noticed a kobold demonologist
  8364 | D:7      | Noticed a kobold demonologist
  8371 | D:7      | Noticed a rust devil
  8382 | D:7      | Killed a kobold demonologist
  8383 | D:7      | Reached skill level 8 in Ice Magic
  8384 | D:7      | Reached XP level 9. HP: 36/71 MP: 13/18
  8386 | D:7      | Noticed an ice devil
  8386 | D:7      | Killed a kobold demonologist
  9226 | D:8      | Found a flagged portal.
  9245 | Bailey   | Entered a bailey
 10312 | Bailey   | Slain by a gnoll sergeant

Illustrated notes

Levels and vault maps discovered:
D:1:      zaba_arrival_water, layout_basic
D:2:      layout_basic, basic_altar, hellmonk_ecumenical_altar_leap_of_faith,
          minmay_misc_feat_ornament, minivault_27
D:3:      layout_loops_ring, lemuel_crystal_altar, uniq_grinder
D:4:      layout_cave_pods, serial_shops, shop, chequers_serial_rivers_micro_c,
          uniq_eustachio
D:5:      layout_loops_ring, minmay_temple_entry_tees
D:6:      layout_loops_ring, lightli_temple_of_fire, serial_shops, shop,
          uniq_crazy_yiuf_cottage
D:7:      layout_gridville
D:8:      minmay_inner_zag, layout_loops_corners, enter_bailey_5
Bailey:   bailey_polearm_gnolls_kennysheep, bailey

Skill      XL: |  1  2  3  4  5  6  7  8  9 |
---------------+----------------------------+-----
Ice Magic      | 4 5 6 7 8 |  8.5
Staves         | 1 2 3 4 6 7 |  7.4
Spellcasting   | 2 3 4 |  4.6
Fighting       | 1 2 3 4 |  4.6
Conjurations   | 1 3 |  3.2
Dodging        | |  1.7
Stealth        | |  1.7

Action                   |  1- 3 |  4- 6 |  7- 9 || total
-------------------------+-------+-------+-------++-------
Melee: Quarterstaff      |    65 |    49 |   148 ||   262
 Cast: Freeze            |     7 |     2 |       ||     9
       Frozen Ramparts   |       |     7 |    22 ||    29
       Ozocubu's Armour  |       |     3 |     6 ||     9
       Hailstorm         |       |       |    19 ||    19
  Use: Potion            |       |       |     4 ||     4
       Scroll            |       |       |     4 ||     4
 Stab: Sleeping          |     6 |     1 |     1 ||     8
       Distracted        |       |       |     2 ||     2
Armor: Robe              |    20 |    22 |    53 ||    95
Dodge: Dodged            |    40 |    44 |   118 ||   202
